3AAA
VERMONT LAKE MONSTERS @ ALASKAN HUMPBACKS
08/08/2031
 
TOP OF THE 1ST
Vermont Lake Monsters batting - Pitching for Alaskan Humpbacks : LHP Hervé Favier
Pitching: LHP Hervé Favier
Batting: RHB Zelmar Barajas 0-0: SINGLE (Groundball, 56D)
Batting: RHB Juan Pedraza 0-0: Called Strike
Zelmar Barajas is caught stealing 2nd base
0-1: Foul Ball, location: 2F
0-2: Ball
1-2: Ground out 1-3 (Groundball, P)
Batting: RHB José Vázquez 0-0: Swinging Strike
0-1: Ball
1-1: Ball
2-1: Called Strike
2-2: Ball
3-2: Base on Balls
Batting: RHB Kasper Schuilenberg 0-0: Called Strike
0-1: Ball
1-1: Ball
2-1: Ball
3-1: Called Strike
3-2: Foul Ball, location: 2F
3-2: Strikes out looking
Top of the 1st over - 0 runs, 1 hit, 0 errors, 1 left on base; Vermont 0 - Alaskan 0
BOTTOM OF THE 1ST
Alaskan Humpbacks batting - Pitching for Vermont Lake Monsters : LHP Mike Brandner
Pitching: LHP Mike Brandner
Batting: RHB Jesús Torres 0-0: Fly out, F8 (Line Drive, 8RS)
Batting: LHB Craig Morgan 0-0: Foul Ball, location: 2F
0-1: Swinging Strike
0-2: Ball
1-2: Strikes out swinging
Batting: RHB Doug Allerdale 0-0: Called Strike
0-1: Ball
1-1: Swinging Strike
1-2: Fly out, F8 (Flyball, 8LS)
Bottom of the 1st over - 0 runs, 0 hits, 0 errors, 0 left on base; Vermont 0 - Alaskan 0
TOP OF THE 2ND
Vermont Lake Monsters batting - Pitching for Alaskan Humpbacks : LHP Hervé Favier
Batting: RHB Ramón Degollado 0-0: Ground out 6-3 (Groundball, 6)
Batting: SHB Robert La Caze 0-0: Ball
1-0: Ball
2-0: SINGLE (Groundball, 34S) (infield hit)
Batting: LHB Manuel Núñez 0-0: Ball
1-0: Ball
2-0: Called Strike
2-1: Ball
3-1: Base on Balls
Robert La Caze to second
Batting: LHB Gilberto Jiménez 0-0: Called Strike
0-1: Ball
1-1: Fly out, F8 (Flyball, 8RM)
Batting: RHB Cosmo Castanhedo 0-0: Ball
1-0: SINGLE (Groundball, 13S) (infield hit)
Robert La Caze to third
Manuel Núñez to second
Batting: RHB Zelmar Barajas 0-0: Foul Ball, location: 2F
0-1: Foul Ball, location: 2F
0-2: Ball
1-2: Ground out U3 (Groundball, 3)
Top of the 2nd over - 0 runs, 2 hits, 0 errors, 3 left on base; Vermont 0 - Alaskan 0
BOTTOM OF THE 2ND
Alaskan Humpbacks batting - Pitching for Vermont Lake Monsters : LHP Mike Brandner
Batting: RHB Edgar Baeza 0-0: Called Strike
0-1: Swinging Strike
0-2: Hit by Pitch
Batting: RHB Wally Briggs 0-0: SINGLE (Line Drive, 3L)
Edgar Baeza to second
Batting: RHB José Morín 0-0: Swinging Strike
0-1: Ball
1-1: Foul Ball, location: 2F
1-2: Strikes out swinging
Batting: RHB Jonathan Cook 0-0: Ball
1-0: Ball
2-0: Ball
3-0: Called Strike
3-1: SINGLE (Groundball, 6D)
Edgar Baeza to third
Wally Briggs to second
Runner from 3rd tries for Home, SAFE, no throw
Batting: RHB Ramón Valdéz 0-0: Fly out, F7 (Flyball, 7LSF)
Batting: RHB Scott Dourque 0-0: Ball
1-0: Foul Ball, location: 2F
1-1: Ball
2-1: Foul Ball, location: 2F
2-2: Foul Ball, location: 2F
2-2: Foul Ball, location: 2F
2-2: Foul Ball, location: 2F
2-2: Ball
3-2: Foul Ball, location: 2F
3-2: Foul Ball, location: 2F
3-2: Strikes out swinging
Bottom of the 2nd over - 1 run, 2 hits, 0 errors, 2 left on base; Vermont 0 - Alaskan 1
TOP OF THE 3RD
Vermont Lake Monsters batting - Pitching for Alaskan Humpbacks : LHP Hervé Favier
Batting: RHB Juan Pedraza 0-0: DOUBLE (Line Drive, 7LD)
Batting: RHB José Vázquez 0-0: Ball
1-0: Ball
2-0: 2-RUN HOME RUN (Flyball, 7LD), Distance : 361 ft
Batting: RHB Kasper Schuilenberg 0-0: Ball
1-0: Foul Ball, location: 2F
1-1: Ball
2-1: Fly out, F9 (Flyball, 9D)
Batting: RHB Ramón Degollado 0-0: Ball
1-0: Foul Ball, location: 2F
1-1: Ball
2-1: Ball
3-1: Base on Balls
Batting: SHB Robert La Caze 0-0: Ball
1-0: Ball
2-0: Called Strike
2-1: Fly out, F7 (Flyball, 7LMF)
Batting: LHB Manuel Núñez 0-0: Ball
1-0: Ball
2-0: Swinging Strike
2-1: Swinging Strike
2-2: Foul Ball, location: 2F
2-2: Ball
3-2: Base on Balls
Ramón Degollado to second
Batting: LHB Gilberto Jiménez 0-0: Ball
1-0: Ball
2-0: Ball
3-0: Called Strike
3-1: Base on Balls
Ramón Degollado to third
Manuel Núñez to second
Batting: RHB Cosmo Castanhedo 0-0: Foul Ball, location: 2F
0-1: Ball
1-1: Ball
2-1: Foul Ball, location: 2F
2-2: Foul Ball, location: 2F
2-2: Ball
3-2: Base on Balls
Ramón Degollado scores
Manuel Núñez to third
Gilberto Jiménez to second
Batting: RHB Zelmar Barajas 0-0: Called Strike
0-1: Ball
1-1: Ground out 6-3 (Groundball, 6S)
Top of the 3rd over - 3 runs, 2 hits, 0 errors, 3 left on base; Vermont 3 - Alaskan 1
BOTTOM OF THE 3RD
Alaskan Humpbacks batting - Pitching for Vermont Lake Monsters : LHP Mike Brandner
Batting: RHB Jesús Torres 0-0: Ground out 4-3 (Groundball, 4)
Batting: LHB Craig Morgan 0-0: SINGLE (Line Drive, 56D)
Batting: RHB Doug Allerdale 0-0: Swinging Strike
0-1: Grounds into double play, 6-4-3 (Groundball, 6)
Bottom of the 3rd over - 0 runs, 1 hit, 0 errors, 0 left on base; Vermont 3 - Alaskan 1
TOP OF THE 4TH
Vermont Lake Monsters batting - Pitching for Alaskan Humpbacks : LHP Hervé Favier
Batting: RHB Juan Pedraza 0-0: Swinging Strike
0-1: Fly out, F9 (Flyball, 89D)
Batting: RHB José Vázquez 0-0: Called Strike
0-1: Swinging Strike
0-2: Strikes out looking
Batting: RHB Kasper Schuilenberg 0-0: Foul Ball, location: 2F
0-1: Swinging Strike
0-2: Ball
1-2: Ball
2-2: SINGLE (Line Drive, 56)
Pitching: LHP Carlos Díaz
Batting: RHB Ramón Degollado 0-0: Foul Ball, location: 2F
0-1: Ball
1-1: 2-RUN HOME RUN (Flyball, 7LD), Distance : 342 ft
Batting: SHB Robert La Caze 0-0: Foul Ball, location: 2F
0-1: Foul Ball, location: 2F
0-2: Foul Ball, location: 2F
0-2: Foul Ball, location: 2F
0-2: Ball
1-2: Foul Ball, location: 2F
1-2: Ball
2-2: Ball
3-2: Fly out, F5 (Line Drive, 56)
Top of the 4th over - 2 runs, 2 hits, 0 errors, 0 left on base; Vermont 5 - Alaskan 1
BOTTOM OF THE 4TH
Alaskan Humpbacks batting - Pitching for Vermont Lake Monsters : LHP Mike Brandner
Batting: RHB Edgar Baeza 0-0: Ball
1-0: Called Strike
1-1: Foul Ball, location: 2F
1-2: Ground out 4-3 (Groundball, 4)
Batting: RHB Wally Briggs 0-0: Called Strike
0-1: Ball
1-1: Ball
2-1: SINGLE (Line Drive, 9S)
Batting: RHB José Morín 0-0: Called Strike
0-1: Called Strike
0-2: Ball
Wally Briggs steals 2nd base
1-2: Strikes out swinging
Batting: RHB Jonathan Cook 0-0: Ball
1-0: Called Strike
1-1: Foul Ball, location: 2F
1-2: Strikes out looking
Bottom of the 4th over - 0 runs, 1 hit, 0 errors, 1 left on base; Vermont 5 - Alaskan 1
TOP OF THE 5TH
Vermont Lake Monsters batting - Pitching for Alaskan Humpbacks : LHP Carlos Díaz
Batting: LHB Manuel Núñez 0-0: Ball
1-0: Ball
2-0: Ball
3-0: Foul Ball, location: 2F
3-1: Base on Balls
Batting: LHB Gilberto Jiménez 0-0: Ball
1-0: Bunted foul
1-1: Bunted foul
1-2: Ball
2-2: Strikes out swinging
Batting: RHB Cosmo Castanhedo 0-0: Ball
1-0: Fly out, F8 (Flyball, 8RM)
Batting: RHB Zelmar Barajas 0-0: Ground out 1-3 (Groundball, P)
Top of the 5th over - 0 runs, 0 hits, 0 errors, 1 left on base; Vermont 5 - Alaskan 1
BOTTOM OF THE 5TH
Alaskan Humpbacks batting - Pitching for Vermont Lake Monsters : LHP Mike Brandner
Batting: RHB Ramón Valdéz 0-0: Called Strike
0-1: Ball
1-1: Ball
2-1: Swinging Strike
2-2: Foul Ball, location: 2F
2-2: Strikes out looking
Batting: RHB Scott Dourque 0-0: Called Strike
0-1: Fly out, F9 (Flyball, 9LSF)
Batting: RHB Jesús Torres 0-0: Called Strike
0-1: Ball
1-1: Foul Ball, location: 2F
1-2: Foul Ball, location: 2F
1-2: Foul Ball, location: 2F
1-2: Foul Ball, location: 2F
1-2: Ball
2-2: Ball
3-2: Base on Balls
Batting: LHB Craig Morgan 0-0: Foul Ball, location: 2F
0-1: Ball
1-1: Ball
2-1: Ball
3-1: Base on Balls
Jesús Torres to second
Batting: RHB Doug Allerdale 0-0: Swinging Strike
0-1: Ball
1-1: Ground out 5-3 (Groundball, 56S)
Bottom of the 5th over - 0 runs, 0 hits, 0 errors, 2 left on base; Vermont 5 - Alaskan 1
TOP OF THE 6TH
Vermont Lake Monsters batting - Pitching for Alaskan Humpbacks : LHP Carlos Díaz
Batting: RHB Juan Pedraza 0-0: Swinging Strike
0-1: SINGLE (Flyball, 89S)
Batting: RHB José Vázquez 0-0: Ball
1-0: Called Strike
1-1: Foul Ball, location: 2F
1-2: Ground out 4-3 (Groundball, 4MS)
Juan Pedraza to second
Batting: RHB Kasper Schuilenberg 0-0: Ball
1-0: Ball
2-0: Foul Ball, location: 2F
2-1: Called Strike
2-2: Ball
3-2: DOUBLE (Flyball, 89XD)
Juan Pedraza scores
Batting: RHB Ramón Degollado 0-0: Ball
1-0: Called Strike
1-1: Ball
2-1: Foul Ball, location: 2F
2-2: SINGLE (Flyball, 78S)
Kasper Schuilenberg to third
Batting: SHB Robert La Caze 0-0: Foul Ball, location: 2F
0-1: Ball
1-1: Ball
2-1: Ball
3-1: Fly out, F3 (Popup, 3)
Batting: LHB Manuel Núñez 0-0: Called Strike
0-1: Foul Ball, location: 2F
0-2: Strikes out swinging
Top of the 6th over - 1 run, 3 hits, 0 errors, 2 left on base; Vermont 6 - Alaskan 1
BOTTOM OF THE 6TH
Alaskan Humpbacks batting - Pitching for Vermont Lake Monsters : LHP Mike Brandner
Batting: RHB Edgar Baeza 0-0: Swinging Strike
0-1: Ball
1-1: Foul Ball, location: 2F
1-2: Strikes out swinging
Batting: RHB Wally Briggs 0-0: Foul Ball, location: 2F
0-1: SINGLE (Line Drive, 56)
Batting: RHB José Morín 0-0: Ball
1-0: Called Strike
1-1: Ball
2-1: Called Strike
2-2: Ball
3-2: Strikes out swinging
Batting: RHB Jonathan Cook 0-0: Ball
1-0: Ball
2-0: Called Strike
2-1: Fly out, F6 (Popup, 6MD)
Bottom of the 6th over - 0 runs, 1 hit, 0 errors, 1 left on base; Vermont 6 - Alaskan 1
TOP OF THE 7TH
Vermont Lake Monsters batting - Pitching for Alaskan Humpbacks : LHP Carlos Díaz
Batting: LHB Gilberto Jiménez 0-0: Called Strike
0-1: Ball
1-1: Ball
2-1: Fly out, F7 (Flyball, 7)
Batting: RHB Cosmo Castanhedo 0-0: Ball
1-0: Foul Ball, location: 2F
1-1: Foul Ball, location: 2F
1-2: Ball
2-2: Ground out 5-3 (Groundball, 56)
Batting: RHB Zelmar Barajas 0-0: Ground out 4-3 (Groundball, 4)
Top of the 7th over - 0 runs, 0 hits, 0 errors, 0 left on base; Vermont 6 - Alaskan 1
BOTTOM OF THE 7TH
Alaskan Humpbacks batting - Pitching for Vermont Lake Monsters : LHP Mike Brandner
Batting: RHB Ramón Valdéz 0-0: Ball
1-0: Ball
2-0: Ball
3-0: Called Strike
3-1: Fly out, F8 (Flyball, 78M)
Batting: RHB Scott Dourque 0-0: Swinging Strike
0-1: Foul Ball, location: 2F
0-2: Foul Ball, location: 2F
0-2: Strikes out looking
Batting: RHB Jesús Torres 0-0: Called Strike
0-1: Ball
1-1: Swinging Strike
1-2: Ball
2-2: Foul Ball, location: 2F
2-2: Ball
3-2: Base on Balls
Pitching: RHP Pedro Álvarez
Batting: LHB Craig Morgan 0-0: Called Strike
0-1: Ball
1-1: Called Strike
Jesús Torres steals 2nd base
1-2: Foul Ball, location: 2F
1-2: Foul Ball, location: 2F
1-2: Strikes out swinging
Bottom of the 7th over - 0 runs, 0 hits, 0 errors, 1 left on base; Vermont 6 - Alaskan 1
TOP OF THE 8TH
Vermont Lake Monsters batting - Pitching for Alaskan Humpbacks : LHP Carlos Díaz
Batting: RHB Juan Pedraza 0-0: Called Strike
0-1: Fly out, F4 (Line Drive, 4)
Batting: RHB José Vázquez 0-0: Ball
1-0: Foul Ball, location: 2F
1-1: Ball
2-1: Ball
3-1: Fly out, F7 (Line Drive, 7D)
Batting: RHB Kasper Schuilenberg 0-0: Ball
1-0: Called Strike
1-1: Ball
2-1: Fly out, F3 (Popup, 34)
Top of the 8th over - 0 runs, 0 hits, 0 errors, 0 left on base; Vermont 6 - Alaskan 1
BOTTOM OF THE 8TH
Alaskan Humpbacks batting - Pitching for Vermont Lake Monsters : RHP Pedro Álvarez
Now at 2B: Janghyun Sam
Batting: RHB Doug Allerdale 0-0: Ball
1-0: Called Strike
1-1: Swinging Strike
1-2: Ball
2-2: Strikes out swinging
Batting: RHB Edgar Baeza 0-0: Foul Ball, location: 2F
0-1: Ball
1-1: Ball
2-1: Ball
3-1: Foul Ball, location: 2F
3-2: Base on Balls
Batting: RHB Wally Briggs 0-0: SINGLE (Line Drive, 8RS)
Edgar Baeza to second
Batting: RHB José Morín 0-0: Ball
1-0: Called Strike
1-1: Called Strike
1-2: Foul Ball, location: 2F
1-2: Ball
Wild Pitch!
Edgar Baeza to third
Wally Briggs to second
2-2: Strikes out swinging
Batting: RHB Jonathan Cook 0-0: Foul Ball, location: 2F
0-1: Called Strike
0-2: Ball
1-2: Foul Ball, location: 2F
1-2: Strikes out swinging
Bottom of the 8th over - 0 runs, 1 hit, 0 errors, 2 left on base; Vermont 6 - Alaskan 1
TOP OF THE 9TH
Vermont Lake Monsters batting - Pitching for Alaskan Humpbacks : LHP Carlos Díaz
Batting: RHB Ramón Degollado 0-0: Ground out 5-3 (Groundball, 56)
Batting: SHB Robert La Caze 0-0: Ball
1-0: Called Strike
1-1: Ground out U3 (Groundball, 3)
Pitching: RHP Mario Ruíz
Batting: LHB Manuel Núñez 0-0: Foul Ball, location: 2F
0-1: Foul Ball, location: 2F
0-2: Ball
1-2: Ground out 4-3 (Groundball, 4)
Top of the 9th over - 0 runs, 0 hits, 0 errors, 0 left on base; Vermont 6 - Alaskan 1
BOTTOM OF THE 9TH
Alaskan Humpbacks batting - Pitching for Vermont Lake Monsters : RHP Pedro Álvarez
Now at 1B: Brad Tillman
Batting: RHB Ramón Valdéz 0-0: Ball
1-0: Foul Ball, location: 2F
1-1: Ball
2-1: Foul Ball, location: 2F
2-2: Ball
3-2: Base on Balls
Batting: RHB Scott Dourque 0-0: Swinging Strike
0-1: Ball
1-1: Ball
2-1: Ball
3-1: Foul Ball, location: 2F
3-2: Strikes out swinging
Batting: RHB Jesús Torres 0-0: Called Strike
0-1: Ball
1-1: Foul Ball, location: 2F
1-2: Ball
2-2: Strikes out swinging
Batting: LHB Craig Morgan 0-0: Ball
1-0: Ball
2-0: Foul Ball, location: 2F
2-1: Foul Ball, location: 2F
2-2: Ball
3-2: Strikes out swinging
Bottom of the 9th over - 0 runs, 0 hits, 0 errors, 1 left on base; Vermont 6 - Alaskan 1
Tuesday, June 12th, 2018 - OOTP Baseball 18.8 Build 76